 Dungeon Crawl Stone Soup version 0.29-a0-885-gb26ba3297d (webtiles) character file.

Game seed: 5994020453616373538

534 kevlar127 the Ruffian (level 7, -10/71 HPs)
             Began as a Troll Berserker on July 20, 2022.
             Was a Believer of Trog.
             Mangled by a gnoll bouda
             ... wielding a +2 whip of freezing
              (16 damage)
             ... on level 4 of the Dungeon.
             The game lasted 00:06:19 (3742 turns).

kevlar127 the Ruffian (Troll Berserker)             Turns: 3742, Time: 00:06:20

Health: -10/71     AC:  4    Str: 28    XL:     7   Next: 4%
Magic:  0/6        EV: 10    Int:  9    God:    Trog [**....]
Gold:   293        SH:  0    Dex:  9    Spells: 6/6 levels left

rFire   . . .      SeeInvis .     - Unarmed
rCold   . . .      Faith    .   j - orb {mayhem}
rNeg    . . .      Spirit   +   a - +0 animal skin
rPois   .          Reflect  .   (helmet restricted)
rElec   .          Harm     .   (no cloak)
rCorr   .          Rampage  .   (gloves unavailable)
Will    .....                   (boots unavailable)
Stlth   +.........              r - amulet of guardian spirit
HPRegen 1.01/turn               o - +6 ring of intelligence
MPRegen 0.10/turn               (no ring)

@: no status effects
A: large, unfitting armour, claws 3, regeneration 1, shaggy fur 1, tough skin 1
a: Renounce Religion, Berserk, Trog's Hand


You were on level 4 of the Dungeon.
You worshipped Trog.
Trog was pleased with you.
You visited 1 branch of the dungeon, and saw 4 of its levels.

You collected 293 gold pieces.

Inventory:

Missiles
 c - 42 stones (quivered)
 d - 6 poisoned darts
 l - 3 boomerangs
Armour
 a - a +0 animal skin (worn)
 j - an orb of mayhem (worn)
Jewellery
 o - a +6 ring of intelligence (left claw)
 q - a ring of magical power
 r - an amulet of guardian spirit (around neck)
Wands
 n - a wand of charming (2)
 p - a wand of digging (2)
Scrolls
 b - 2 scrolls of immolation {unknown}
 f - 2 scrolls of enchant armour {unknown}
 g - 5 scrolls of identify {unknown}
 h - 2 scrolls of teleportation {unknown}
 m - a scroll of fog {unknown}
 s - 2 scrolls of enchant weapon {unknown}
 t - a scroll of torment {unknown}
Potions
 e - 2 potions of might {unknown}
 i - a potion of brilliance {unknown}
 k - a potion of heal wounds {unknown}
 u - a potion of cancellation {unknown}
 v - a potion of flight {unknown}


   Skills:
 + Level 4.8 Fighting
 - Level 3.0 Dodging
 + Level 5.9 Unarmed Combat


You had 6 spell levels left.
You didn't know any spells.
Your spell library was empty.

Dungeon Overview and Level Annotations

Branches:
Dungeon (4/15)             Temple (0/1) D:4

Altars:

Shops:
D:3 [


Innate Abilities, Weirdness & Mutations

You are too large for most types of armour.
You have claws for hands.
Your natural rate of healing is unusually fast.
You are covered in fur. (AC +1)
You have tough skin. (AC +1)


Message History

You have reached level 7!
The gnoll bouda hits the gnoll with a +2 whip of freezing!
The gnoll bouda freezes the gnoll.
The gnoll dies!
Trog accepts your kill.
The gnoll closely misses the gnoll bouda.
The gnoll bouda hits the gnoll with a +2 whip of freezing!
The gnoll bouda freezes the gnoll.
The gnoll dies!
Trog accepts your kill.
There is an open door here.
You start resting.
You hear a shout!
A gnoll bouda is nearby!
A gnoll bouda is nearby!
A gnoll bouda is nearby!
A gnoll bouda is nearby!
A gnoll bouda is nearby!
Throw: 42 stones
Press: ? - help, Q - select action, (/) - cycle Shift-Dir - straight line, f - gnoll bouda
Aim: a gnoll bouda, wielding a +2 whip of freezing and wearing a +0 leather armour (fast, strong, frenzied and insane, 60% to hit)
Okay, then.
The gnoll bouda shouts!
You closely miss the gnoll bouda. The gnoll bouda closely misses you.
You scratch the gnoll bouda but do no damage.
The gnoll bouda hits you with a +2 whip of freezing.
* * * LOW HITPOINT WARNING * * *
The gnoll bouda freezes you.
* * * LOW HITPOINT WARNING * * *
The gnoll bouda barely misses you.
Unknown command.
You barely miss the gnoll bouda.
The gnoll bouda hits you with a +2 whip of freezing.
* * * LOW HITPOINT WARNING * * *
The gnoll bouda freezes you.
* * * LOW HITPOINT WARNING * * *
You barely miss the gnoll bouda. The gnoll bouda barely misses you.
You completely miss the gnoll bouda. The gnoll bouda barely misses you.
The gnoll bouda hits you with a +2 whip of freezing!
You die...

..#...#......#.....#...###.####>#
..#...#......#.....#..........+..
..#...#......#.....#..........#..
.<#...#......#.....#...###.######
..##'#######'#.....#...##########
#..............#'###............#
#..............#...#............#
#..............#...#............#
#..............#@.##............#
#######+##....##g.##..###.#######
.....# #....#...##..###.###..#
.....# #....#...........#....#
###..# #....##'###......#....#
..#..### #####.)...#####..##...##
..#....# #8....#..##..##...##
..#....# #>))..#.......+.....
..##'####### #8....#.......#.....


You could see a neutral gnoll bouda (fast, strong, insane).

Vanquished Creatures
  An ice beast (D:4)
  2 scorpions (D:4)
  A jelly (D:4)
  An orc priest (D:2)
  Jessica (D:3)
  An orc wizard (D:4)
  Ijyb (D:3)
  2 iguanas (D:4)
  A gnoll (D:4)
  4 adders
  A worm (D:2)
  A dart slug (D:3)
  6 orcs
  4 bats
  2 endoplasms
  5 giant cockroaches
  4 goblins
  4 hobgoblins
  5 jackals
  5 kobolds
  3 quokkas
  3 ball pythons
  3 frilled lizards
  3 rats (D:3)
64 creatures vanquished.

Vanquished Creatures (collateral kills)
  2 gnolls (D:4)
  2 orcs (D:2)
4 creatures vanquished.

Grand Total: 68 creatures vanquished

Notes
Turn   | Place    | Note
-------+----------+-------------------------------------------
     0 | D:1      | kevlar127 the Troll Berserker began the quest for the Orb.
     0 | D:1      | Reached XP level 1. HP: 22/22 MP: 0/0
   339 | D:1      | Reached XP level 2. HP: 25/29 MP: 1/1
  1205 | D:2      | Reached XP level 3. HP: 8/36 MP: 2/2
  1298 | D:2      | Found a faded altar of an unknown god.
  1564 | D:2      | Reached ** piety under Trog
  1565 | D:2      | Reached XP level 4. HP: 36/45 MP: 3/3
  1875 | D:3      | Found Qaorioss's Armour Shoppe.
  1928 | D:3      | Reached skill level 4 in Unarmed Combat
  2057 | D:3      | Noticed Ijyb
  2082 | D:3      | Killed Ijyb
  2213 | D:3      | Noticed Jessica
  2217 | D:3      | Killed Jessica
  2218 | D:3      | Reached XP level 5. HP: 49/53 MP: 4/4
  2971 | D:4      | Reached skill level 5 in Unarmed Combat
  3378 | D:4      | Noticed an ice beast
  3390 | D:4      | Killed an ice beast
  3391 | D:4      | Reached XP level 6. HP: 44/63 MP: 3/5
  3722 | D:4      | Found a staircase to the Ecumenical Temple.
  3731 | D:4      | Reached XP level 7. HP: 8/71 MP: 1/6
  3742 | D:4      | Mangled by a gnoll bouda

Illustrated notes

Levels and vault maps discovered:
D:1:      spicycebolla_green_bress_n_ham_2, layout_basic, serial_rivers,
          chequers_serial_rivers_small_b, chequers_serial_rivers_small_a,
          chequers_serial_rivers_micro_a, chequers_serial_rivers_micro_c
D:2:      cheibrodos_pilgrimage, layout_loops_ring,
          hellmonk_ecumenical_altar_crossroads
D:3:      layout_loops_corners, serial_shops, shop, uniq_jessica, uniq_ijyb
D:4:      layout_gridville, temple_statues

Skill      XL: |  1  2  3  4  5 |
---------------+----------------+-----
Fighting       | 3 4 |  4.8
Dodging        | 3 |  3.0
Unarmed Combat | 4 5 |  5.9

Action                   |  1- 3 |  4- 6 |  7- 9 || total
-------------------------+-------+-------+-------++-------
Melee: Unarmed           |    68 |   103 |     5 ||   176
       Punch             |     1 |       |       ||     1
Armor: Animal skin       |    19 |    26 |       ||    45
Dodge: Dodged            |    41 |    47 |     4 ||    92

Table legend: (Time is in decaauts)
 A = Elapsed time spent in this place.
 B = Non-inter-level travel time spent in this place.
 C = Inter-level travel time spent in this place.
 D = Time resting spent in this place.
 E = Time spent auto-exploring this place.
 F = Levels seen in this place.
 G = Mean time per level.
                   A        B        C        D        E       F      G
               +--------+--------+--------+--------+--------+-----+--------+
         Total |   3735 |   3546 |    189 |    378 |   2710 |   4 |  933.8 |
       Dungeon |   3735 |   3546 |    189 |    378 |   2710 |   4 |  933.8 |
               +--------+--------+--------+--------+--------+-----+--------+

Top non-repeatable levels by time:
     D:1: 1069 daAuts
     D:3: 1044 daAuts
     D:4: 813 daAuts
     D:2: 807 daAuts
